 Dungeon Crawl Stone Soup version 0.30-a0-457-g4b7bca3bfa (webtiles) character file.

Game seed: 3584319084066468007

90 McMuffin the Shield-Bearer (level 4, -4/32 HPs)
             Began as a Demonspawn Wanderer on Dec 12, 2022.
             Slain by Robin
             ... wielding a +0 mace
              (6 damage)
             ... on level 2 of the Dungeon.
             The game lasted 00:04:49 (1654 turns).

McMuffin the Shield-Bearer (Demonspawn Wanderer)    Turns: 1654, Time: 00:04:50

Health: -4/32      AC:  6    Str:  9    XL:     4   Next: 32%
Magic:  5/7        EV:  9    Int: 14    God:
Gold:   66         SH:  9    Dex: 17    Spells: 6/7 levels left

rFire   . . .      SeeInvis .    g - +3 short sword
rCold   . . .      Faith    .    e - +0 buckler {AC+3}
rNeg    . . .      Spirit   .    d - +0 robe
rPois   .          Reflect  .    (no helmet)
rElec   .          Harm     .    (no cloak)
rCorr   .          Rampage  .    (no gloves)
Will    .....                    b - +0 pair of boots
Stlth   ++........               (no amulet)
HPRegen 0.25/turn                (no ring)
MPRegen 0.10/turn                (no ring)

@: grasped by roots, constricted
A: claws 1, condensation shield
a: no special abilities


You were on level 2 of the Dungeon.
You visited 1 branch of the dungeon, and saw 2 of its levels.

You collected 66 gold pieces.

Inventory:

Hand Weapons
 a - a +0 dagger
 g - a +3 short sword (weapon)
Armour
 b - a +0 pair of boots (worn)
 d - a +0 robe (worn)
 e - a +0 buckler of protection (worn)
Scrolls
 c - a scroll of blinking
 i - 2 scrolls of identify {unknown}
Potions
 f - a potion of brilliance {unknown}
 h - a potion of flight {unknown}
 j - a potion of degeneration {unknown}
 k - a potion of magic {unknown}
 l - 2 potions of haste {unknown}


   Skills:
 + Level 1.0 Fighting
 + Level 1.6 Short Blades
 + Level 2.9 Dodging
 + Level 0.1 Stealth
 + Level 3.2 Shields
 + Level 2.0 Spellcasting
 + Level 2.6 Summonings


You had 6 spell levels left.
You knew the following spells:

 Your Spells              Type           Power      Damage    Failure   Level
a - Summon Small Mammal   Summ           32%        N/A       11%         1

Your spell library contained the following spells:

 Spells                   Type           Power      Damage    Failure   Level
 Call Canine Familiar     Summ           8%         N/A       30%         3


Dungeon Overview and Level Annotations

Branches:
Dungeon (2/15)

Altars:

Annotations:
D:2 Robin


Innate Abilities, Weirdness & Mutations

You have sharp fingernails.
A meltable shield of frost defends you. (SH +4)


Message History

The grasping roots release their grip on you.
You closely miss the goblin.
The goblin is heavily wounded.
The goblin no longer looks unusually strong.
The goblin hits you with a +0 club.
A hobgoblin comes into view.
Robin roars a battlecry!
The goblins go into a battle-frenzy!
You closely miss the goblin.
The goblin is heavily wounded.
The hobgoblin no longer looks unusually strong.
The goblin no longer looks unusually strong.
The goblin hits you but does no damage.
You barely miss the goblin.
The goblin is heavily wounded.
Robin roars a battlecry!
The goblins go into a battle-frenzy!
The goblin hits you with a +0 club.
You hit the goblin.
You kill the goblin!
You barely miss the goblin. The goblin hits you with a +0 club.
Robin zaps a wand.
The roots erupt in riotous growth!
The goblin is unaffected.
Robin is unaffected.
The grasping roots grab you! The grasping roots constrict you.
* * * LOW HITPOINT WARNING * * *
You hit the goblin.
The goblin is moderately wounded.
The goblin hits you with a +0 club.
* * * LOW HITPOINT WARNING * * *
Robin points. "Kill!"
The grasping roots constrict you.
* * * LOW HITPOINT WARNING * * *
You hit the goblin.
You kill the goblin!
The grasping roots constrict you.
You hit Robin.
Robin is lightly wounded.
Robin hits you with a +0 mace.
You die...

#..'...)......######.#####
#..#.....#....# #.#
...#.....#..#.# #.#
..##.....#..#.# #.#
####.....#.##.# #.#
#.....#.#..# #.#
......###..# #.#
.#.....##...#### #.#
##..ggg@# #.# #....####
#.# #....# #.# #....# #.#
#..bg######.#####
#....#..........#
##.gg############ #...#
##...


You could see Robin and 2 hobgoblins.

Vanquished Creatures
  3 adders (D:2)
  2 worms (D:2)
  A dart slug (D:1)
  3 bats
  4 endoplasms
  A giant cockroach (D:1)
  7 goblins
  A hobgoblin (D:1)
  3 quokkas (D:2)
  4 ball pythons
  A frilled lizard (D:1)
  4 kobolds
34 creatures vanquished.

Vanquished Creatures (collateral kills)
  An adder (D:2)
  A dart slug (D:1)
  2 endoplasms
  3 goblins
  A kobold (D:2)
  A frilled lizard (D:2)
9 creatures vanquished.

Grand Total: 43 creatures vanquished

Notes
Turn   | Place    | Note
-------+----------+-------------------------------------------
     0 | D:1      | McMuffin the Demonspawn Wanderer began the quest for the
                  | Orb.
     0 | D:1      | McMuffin set off with the following items: a +0 dagger, a
                  | +0 pair of boots, a scroll of blinking, a +0 robe, a +0
                  | buckler of protection; and the following spell memorised:
                  | Summon Small Mammal; and the following spells available to
                  | memorise: Call Canine Familiar.
     0 | D:1      | Reached XP level 1. HP: 15/15 MP: 2/2
   370 | D:1      | Reached skill level 3 in Shields
   371 | D:1      | Gained mutation: You have sharp fingernails. [demonic
                  | ancestry]
   371 | D:1      | Reached XP level 2. HP: 21/21 MP: 0/3
  1034 | D:2      | Reached XP level 3. HP: 21/26 MP: 1/4
  1139 | D:2      | Reached skill level 1 in Short Blades
  1396 | D:2      | Gained mutation: A meltable shield of frost defends you.
                  | (SH +4) [demonic ancestry]
  1396 | D:2      | Reached XP level 4. HP: 31/32 MP: 4/6
  1627 | D:2      | Found a faded altar of an unknown god.
  1629 | D:2      | Noticed Robin
  1654 | D:2      | Slain by Robin

Illustrated notes

Levels and vault maps discovered:
D:1:      minmay_arrival_cross, layout_basic
D:2:      layout_basic, hellmonk_ecumenical_altar_zigzags, minivault_4,
          kennysheep_crisscross, uniq_robin

Skill      XL: |  1  2  3  4 |
---------------+-------------+-----
Shields        | 3 |  3.2
Short Blades   | 1 |  1.6
Spellcasting   | 2 |  2.0
Fighting       | |  1.0
Dodging        | |  2.9
Stealth        | |  0.1
Summonings     | |  2.6

Action                   |  1- 3 |  4- 6 || total
-------------------------+-------+-------++-------
Melee: Short sword       |    76 |    35 ||   111
       Dagger            |     6 |       ||     6
 Cast: Summon Small Mamm |    29 |    10 ||    39
 Stab: Sleeping          |     1 |       ||     1
Armor: Robe              |    16 |     7 ||    23
Dodge: Dodged            |    42 |     9 ||    51
Block: Buckler           |    14 |     8 ||    22

Table legend: (Time is in decaauts)
 A = Elapsed time spent in this place.
 B = Non-inter-level travel time spent in this place.
 C = Inter-level travel time spent in this place.
 D = Time resting spent in this place.
 E = Time spent auto-exploring this place.
 F = Levels seen in this place.
 G = Mean time per level.
                   A        B        C        D        E       F      G
               +--------+--------+--------+--------+--------+-----+--------+
         Total |   1653 |   1653 |      0 |      0 |   1324 |   2 |  826.5 |
       Dungeon |   1653 |   1653 |      0 |      0 |   1324 |   2 |  826.5 |
               +--------+--------+--------+--------+--------+-----+--------+

Top non-repeatable levels by time:
     D:1: 977 daAuts
     D:2: 675 daAuts
